[Event "HUN-ch U8-U18 2019"]
[Site "Balatonlelle"]
[Date "2019.06.23"]
[Round "3.10"]
[White "Szilagyi, Norbert"]
[Black "Erseki, Aron"]
[Result "1/2-1/2"]
[ECO "B53"]
[WhiteElo "2093"]
[BlackElo "1854"]
[Annotator "NA"]
[PlyCount "82"]
[EventDate "2019.06.21"]
[EventType "swiss"]
[EventCountry "HUN"]
[SourceTitle "playchess.com"]
[Source "ChessBase"]
[SourceQuality "1"]
[TimeControl "40/5400+30:1800+30"]

1. e4 c5 2. Nf3 d6 3. d4 cxd4 4. Qxd4 Nc6 5. Bb5 Bd7 6. Bxc6 bxc6 7. c4 Nf6 8. Nc3 e5 9. Qd3 Be7 10. O-O h6 11. c5 Bg4 12. Rd1 Bxf3 13. Qxf3 Qc7 14. cxd6 Bxd6 15. Qg3 g5 16. Qf3 Ke7 17. Be3 g4 18. Qf5 Rag8 19. Rac1 a6 20. Nd5+ Nxd5 21. exd5 c5 22. Bxc5 Rg5 23. Bxd6+ Qxd6 24. Qd3 Rd8 25. Qb3 Rb8 26. Qa4 Rb6 27. Rc8 Rg6 28. a3 Kf6 29. Rc6 Rxc6 30. dxc6 Qc5 31. b4 Qc4 32. c7 Kg7 33. Qa5 Re6 34. a4 Qc3 35. Qd5 Qxc7 36. b5 axb5 37. axb5 Qc2 38. g3 Rf6 39. Rd2 Qc1+ 40. Kg2 Qc3 41. Qa2 Qb4 1/2-1/2

[Event "HUN-ch U8-U18 2019"]
[Site "Balatonlelle"]
[Date "2019.06.23"]
[Round "3.10"]
[White "Pervai, Laszlo"]
[Black "Fule, Simon"]
[Result "0-1"]
[ECO "C68"]
[WhiteElo "2033"]
[BlackElo "2148"]
[Annotator "NA"]
[PlyCount "78"]
[EventDate "2019.06.21"]
[EventType "swiss"]
[EventCountry "HUN"]
[SourceTitle "playchess.com"]
[Source "ChessBase"]
[SourceQuality "1"]
[TimeControl "40/5400+30:1800+30"]

1. e4 e5 2. Nf3 Nc6 3. Bb5 a6 4. Bxc6 dxc6 5. O-O Bg4 6. h3 h5 7. d3 Qf6 8. Nbd2 Ne7 9. b3 Ng6 10. Bb2 c5 11. Re1 Be6 12. Nc4 Bd6 13. Qd2 Bxh3 14. Nfxe5 Bxg2 15. Nxd6+ cxd6 16. Nc4 Qh4 17. f3 Bxf3 18. Nxd6+ Kd7 19. Nc4 Qg3+ 20. Kf1 b5 21. d4 Qh3+ 22. Kf2 Qg2+ 23. Ke3 bxc4 24. Qxg2 Bxg2 25. dxc5 Rhe8 26. Rad1+ Kc7 27. Rd4 Rxe4+ 28. Rxe4 Bxe4 29. Bxg7 Bd5 30. Rf1 cxb3 31. cxb3 Be6 32. Bf6 h4 33. b4 h3 34. Rf2 Kc6 35. a3 Ra7 36. Rd2 Rd7 37. Rxd7 Bxd7 38. Kf2 Nf4 39. Kg3 Nh5+ 0-1

[Event "HUN-ch U8-U18 2019"]
[Site "Balatonlelle"]
[Date "2019.06.23"]
[Round "3.11"]
[White "Kratzmajer, Akos Gyorgy"]
[Black "Blahota, Marcell"]
[Result "1/2-1/2"]
[ECO "B18"]
[WhiteElo "2048"]
[BlackElo "1793"]
[Annotator "NA"]
[PlyCount "129"]
[EventDate "2019.06.21"]
[EventType "swiss"]
[EventCountry "HUN"]
[SourceTitle "playchess.com"]
[Source "ChessBase"]
[SourceQuality "1"]
[TimeControl "40/5400+30:1800+30"]

1. e4 c6 2. d4 d5 3. Nc3 dxe4 4. Nxe4 Bf5 5. Ng3 Bg6 6. Nh3 h6 7. Nf4 Bh7 8. Bc4 Nf6 9. O-O e6 10. Re1 Nd5 11. Bxd5 cxd5 12. Qh5 Kd7 13. Qxf7+ Qe7 14. Qxe7+ Bxe7 15. c3 Bd6 16. Ngh5 Bxf4 17. Bxf4 Nc6 18. Nxg7 Be4 19. Bg3 h5 20. Nxe6 Kxe6 21. f3 h4 22. Bf2 Kf5 23. fxe4+ dxe4 24. Rf1 Kg4 25. h3+ Kh5 26. Rae1 Rae8 27. d5 Na5 28. Bd4 Rhg8 29. Rf5+ Rg5 30. Rxg5+ Kxg5 31. Bxa7 Nc4 32. b3 Nd6 33. Be3+ Kg6 34. c4 Nf5 35. c5 Re5 36. d6 Nxe3 37. Rxe3 Kf5 38. b4 Rd5 39. Kf2 Kf4 40. Ke2 Rg5 41. Kf2 Rd5 42. a4 Rd2+ 43. Re2 e3+ 44. Ke1 Rd4 45. b5 Rc4 46. Rb2 Rxc5 47. Rb4+ Ke5 48. Rxh4 Kxd6 49. Ke2 Rc2+ 50. Kxe3 Rxg2 51. Rg4 Rh2 52. h4 Ke5 53. Kf3 Ra2 54. Rb4 Kf5 55. Ke3 Ke5 56. Kd3 Ra3+ 57. Kc2 b6 58. Rg4 Kf5 59. Rc4 Ke5 60. Kb2 Rh3 61. a5 Kd5 62. a6 Kxc4 63. a7 Rh2+ 64. Kb1 Rh1+ 65. Kb2 1/2-1/2

[Event "HUN-ch U8-U18 2019"]
[Site "Balatonlelle"]
[Date "2019.06.23"]
[Round "3.11"]
[White "Kun, Balint"]
[Black "Bilku, Andras"]
[Result "1/2-1/2"]
[ECO "B10"]
[WhiteElo "1813"]
[BlackElo "1907"]
[Annotator "NA"]
[PlyCount "70"]
[EventDate "2019.06.21"]
[EventType "swiss"]
[EventCountry "HUN"]
[SourceTitle "playchess.com"]
[Source "ChessBase"]
[SourceQuality "1"]
[TimeControl "40/5400+30:1800+30"]

1. e4 c6 2. Nc3 d5 3. Nf3 dxe4 4. Nxe4 Nf6 5. Nxf6+ exf6 6. d4 Bf5 7. Bd3 Be7 8. O-O Bxd3 9. Qxd3 O-O 10. Be3 Nd7 11. Rfd1 Nb6 12. c4 Rc8 13. Rac1 g6 14. Qb3 Qc7 15. d5 c5 16. Qc2 Rfd8 17. b3 Bf8 18. Bd2 Nd7 19. Bc3 Qd6 20. Qb2 Bg7 21. Re1 Re8 22. a3 b6 23. Re2 Rxe2 24. Qxe2 Ne5 25. Nxe5 fxe5 26. b4 Re8 27. bxc5 bxc5 28. Rb1 Rb8 29. Qc2 Kf8 30. Rb2 Rxb2 31. Qxb2 Qb6 32. Qxb6 axb6 33. a4 Ke7 34. Kf1 Kd6 35. Ke2 Bh6 1/2-1/2

[Event "HUN-ch U8-U18 2019"]
[Site "Balatonlelle"]
[Date "2019.06.23"]
[Round "3.12"]
[White "Varga, Boldizsar"]
[Black "Tapodi, Norman Lajos"]
[Result "0-1"]
[ECO "E46"]
[WhiteElo "1804"]
[BlackElo "2043"]
[Annotator "NA"]
[PlyCount "42"]
[EventDate "2019.06.21"]
[EventType "swiss"]
[EventCountry "HUN"]
[SourceTitle "playchess.com"]
[Source "ChessBase"]
[SourceQuality "1"]
[TimeControl "40/5400+30:1800+30"]

1. d4 Nf6 2. c4 e6 3. Nc3 Bb4 4. e3 O-O 5. Nge2 c6 6. a3 Ba5 7. Bd2 d5 8. cxd5 exd5 9. Nf4 Re8 10. Be2 Nbd7 11. b4 Bc7 12. Nd3 b6 13. Qb3 Bb7 14. Na4 Ne4 15. Rc1 Qf6 16. Bg4 Rad8 17. Bxd7 Rxd7 18. b5 Rdd8 19. bxc6 Ba6 20. f3 Qh4+ 21. g3 Nxg3 0-1

[Event "HUN-ch U8-U18 2019"]
[Site "Balatonlelle"]
[Date "2019.06.23"]
[Round "3.12"]
[White "Kresz, Tamas"]
[Black "Pater, Peter"]
[Result "0-1"]
[ECO "C00"]
[WhiteElo "1766"]
[BlackElo "1901"]
[Annotator "NA"]
[PlyCount "48"]
[EventDate "2019.06.21"]
[EventType "swiss"]
[EventCountry "HUN"]
[SourceTitle "playchess.com"]
[Source "ChessBase"]
[SourceQuality "1"]
[TimeControl "40/5400+30:1800+30"]

1. e4 e6 2. d3 d5 3. Nd2 c5 4. Ngf3 Nc6 5. g3 Bd6 6. Bg2 Nge7 7. O-O O-O 8. Re1 b6 9. h4 Bc7 10. h5 h6 11. e5 f5 12. exf6 Rxf6 13. b3 e5 14. Bb2 Bg4 15. Qc1 d4 16. c3 Bxh5 17. b4 Rc8 18. bxc5 bxc5 19. Ba3 Bd6 20. Ne4 Rxf3 21. Bxf3 Bxf3 22. Nxc5 Qe8 23. g4 Qg6 24. g5 Qh5 0-1

[Event "HUN-ch U8-U18 2019"]
[Site "Balatonlelle"]
[Date "2019.06.23"]
[Round "3.13"]
[White "Kovacs, Patrik Zsolt"]
[Black "Gyurika, Tamas"]
[Result "0-1"]
[ECO "D37"]
[WhiteElo "1903"]
[BlackElo "1643"]
[Annotator "NA"]
[PlyCount "114"]
[EventDate "2019.06.21"]
[EventType "swiss"]
[EventCountry "HUN"]
[SourceTitle "playchess.com"]
[Source "ChessBase"]
[SourceQuality "1"]
[TimeControl "40/5400+30:1800+30"]

1. d4 d5 2. c4 e6 3. Nf3 Nf6 4. Nc3 Be7 5. Bf4 Bd7 6. e3 O-O 7. Bd3 c5 8. Qb3 Bc6 9. Be2 dxc4 10. Qxc4 Nbd7 11. O-O Rc8 12. Rfd1 Qb6 13. Rab1 Rfd8 14. Qd3 cxd4 15. exd4 Nd5 16. Bg5 Bxg5 17. Nxg5 N7f6 18. Nxd5 Bxd5 19. Qa3 h6 20. Nf3 Rc7 21. Rbc1 Rdc8 22. b3 Ne4 23. Rxc7 Rxc7 24. Rc1 Nc3 25. Bc4 Bxf3 26. Rxc3 Qxd4 27. Qc1 Bd5 28. Rc2 Qe4 29. f3 Qd4+ 30. Kf1 Rc5 31. Be2 Rxc2 32. Qxc2 Bc6 33. Bc4 g5 34. Be2 Kg7 35. Qc1 e5 36. Qd1 Qb2 37. a4 e4 38. Kf2 exf3 39. gxf3 Qe5 40. Kg2 g4 41. Qd3 Qd5 42. Qc3+ Kg8 43. Bc4 gxf3+ 44. Kf2 Qg5 45. Bf1 Qh4+ 46. Ke3 Qxh2 47. Qd3 Qg1+ 48. Kd2 Qg5+ 49. Ke1 Qe7+ 50. Kf2 Qc5+ 51. Kg3 Qg1+ 52. Kh3 h5 53. b4 Qg4+ 54. Kh2 Qh4+ 55. Bh3 Qf4+ 56. Kg1 Qg3+ 57. Kf1 Qxh3+ 0-1

[Event "HUN-ch U8-U18 2019"]
[Site "Balatonlelle"]
[Date "2019.06.23"]
[Round "3.14"]
[White "Kresz, Adam"]
[Black "Kokeny, Norbert Adrian"]
[Result "0-1"]
[ECO "B40"]
[WhiteElo "1949"]
[BlackElo "2268"]
[Annotator "NA"]
[PlyCount "72"]
[EventDate "2019.06.21"]
[EventType "swiss"]
[EventCountry "HUN"]
[SourceTitle "playchess.com"]
[Source "ChessBase"]
[SourceQuality "1"]
[TimeControl "40/5400+30:1800+30"]

1. e4 c5 2. Nf3 e6 3. d3 Nc6 4. Nbd2 d5 5. g3 Nf6 6. Bg2 Be7 7. O-O b6 8. e5 Nd7 9. Re1 Qc7 10. Qe2 Bb7 11. Nf1 h6 12. h4 O-O-O 13. N1h2 Rdg8 14. c3 Kb8 15. a3 g5 16. hxg5 hxg5 17. Ng4 Rh5 18. b4 Rgh8 19. b5 Na5 20. d4 cxd4 21. cxd4 Nc4 22. Qc2 Qc8 23. a4 a5 24. bxa6 Bxa6 25. Rb1 Ka7 26. Rb3 Qg8 27. Ba3 Bxa3 28. Rxa3 R8h7 29. Rc3 Qh8 30. Bf1 f5 31. exf6 Nxf6 32. Nxf6 Qxf6 33. Rxc4 Bxc4 34. Kg2 g4 35. Nh4 Rxh4 36. gxh4 Qxh4 0-1

[Event "HUN-ch U8-U18 2019"]
[Site "Balatonlelle"]
[Date "2019.06.23"]
[Round "3.14"]
[White "Farkas, Otto Jr."]
[Black "Vegh, Benedek"]
[Result "1-0"]
[ECO "C42"]
[WhiteElo "1859"]
[BlackElo "1626"]
[Annotator "NA"]
[PlyCount "77"]
[EventDate "2019.06.21"]
[EventType "swiss"]
[EventCountry "HUN"]
[SourceTitle "playchess.com"]
[Source "ChessBase"]
[SourceQuality "1"]
[TimeControl "40/5400+30:1800+30"]

1. e4 e5 2. Nf3 Nf6 3. Nxe5 d6 4. Nf3 Nxe4 5. Be2 Be7 6. O-O O-O 7. d4 d5 8. Nc3 Nxc3 9. bxc3 Be6 10. Rb1 Nd7 11. Re1 Rb8 12. Bf1 Nf6 13. Bd3 Re8 14. h3 Qd7 15. Ne5 Qc8 16. f4 Bf5 17. g4 Bxd3 18. cxd3 Nd7 19. Qa4 Nb6 20. Qb5 c6 21. Qb3 Bh4 22. Rf1 Be7 23. Ba3 f6 24. Bxe7 Rxe7 25. Qa3 Qc7 26. Qxa7 Nc8 27. Qc5 fxe5 28. dxe5 b5 29. d4 Nb6 30. f5 Nc4 31. Rf2 Ree8 32. f6 gxf6 33. Rxf6 Rbc8 34. Rbf1 Nd2 35. Rf7 Qb8 36. R1f5 Ne4 37. Qa3 Rf8 38. Qe7 Nf6 39. Rg5+ 1-0

[Event "HUN-ch U8-U18 2019"]
[Site "Balatonlelle"]
[Date "2019.06.23"]
[Round "3.15"]
[White "Miszler, Levente"]
[Black "Udvardi, Zalan"]
[Result "1/2-1/2"]
[ECO "D59"]
[WhiteElo "2041"]
[BlackElo "2211"]
[Annotator "NA"]
[PlyCount "20"]
[EventDate "2019.06.21"]
[EventType "swiss"]
[EventCountry "HUN"]
[SourceTitle "playchess.com"]
[Source "ChessBase"]
[SourceQuality "1"]
[TimeControl "40/5400+30:1800+30"]

1. d4 d5 2. c4 e6 3. Nc3 Nf6 4. Bg5 Be7 5. e3 h6 6. Bh4 O-O 7. Nf3 b6 8. cxd5 Nxd5 9. Bxe7 Qxe7 10. Nxd5 exd5 1/2-1/2

[Event "HUN-ch U8-U18 2019"]
[Site "Balatonlelle"]
[Date "2019.06.23"]
[Round "3.15"]
[White "Magyar, Erik Ferenc"]
[Black "Barsi, Botond"]
[Result "0-1"]
[ECO "B29"]
[WhiteElo "1561"]
[BlackElo "1850"]
[Annotator "NA"]
[PlyCount "162"]
[EventDate "2019.06.21"]
[EventType "swiss"]
[EventCountry "HUN"]
[SourceTitle "playchess.com"]
[Source "ChessBase"]
[SourceQuality "1"]
[TimeControl "40/5400+30:1800+30"]

1. e4 c5 2. Nf3 Nf6 3. Nc3 Nc6 4. d4 d5 5. exd5 Nxd5 6. Nxd5 Qxd5 7. Be3 cxd4 8. Nxd4 e5 9. Nxc6 Qxc6 10. f3 Bf5 11. c3 Bc5 12. Bxc5 Qxc5 13. Qa4+ Bd7 14. Qc4 Qb6 15. Qe2 O-O 16. Qf2 Qg6 17. Bc4 Rac8 18. Bb3 Bb5 19. O-O-O b6 20. g3 Bc6 21. Bd5 b5 22. Bxc6 Rxc6 23. Rhe1 b4 24. Re3 Rfc8 25. Rdd3 Qf6 26. Qd2 g5 27. Re4 bxc3 28. Rxc3 Qxf3 29. Qxg5+ Kf8 30. Ree3 Rxc3+ 31. Rxc3 Rxc3+ 32. bxc3 Qxc3+ 33. Kb1 Qd3+ 34. Kc1 Qd6 35. Qf5 Qh6+ 36. Kd1 Qd6+ 37. Kc1 Qc6+ 38. Kb2 Qb6+ 39. Kc1 Qg1+ 40. Kd2 Qxh2+ 41. Ke1 Qxg3+ 42. Kd1 Qg1+ 43. Ke2 Qh2+ 44. Ke1 Qxa2 45. Qxh7 e4 46. Qh8+ Ke7 47. Qe5+ Kd7 48. Qd4+ Ke7 49. Qe5+ Qe6 50. Qc7+ Kf6 51. Qxa7 e3 52. Qd4+ Kf5 53. Qc5+ Kf4 54. Qb4+ Qe4 55. Qd6+ Kg4 56. Qd7+ f5 57. Qg7+ Kf3 58. Qb2 f4 59. Qb5 Qg6 60. Qf1+ Ke4 61. Qc4+ Kf5 62. Qd5+ Kf6 63. Qc6+ Kg7 64. Qd7+ Kh6 65. Qh3+ Qh5 66. Qe6+ Kg5 67. Qd5+ Kg4 68. Qg2+ Kh4 69. Qh2+ Kg5 70. Qg2+ Qg4 71. Qd5+ Kh4 72. Qh1+ Qh3 73. Qe4 Qg3+ 74. Ke2 Qf2+ 75. Kd3 Qd2+ 76. Kc4 Kg3 77. Qg6+ Kf2 78. Qh6 f3 79. Qh2+ Ke1 80. Qh1+ Ke2 81. Qh2+ f2 0-1

[Event "HUN-ch U8-U18 2019"]
[Site "Balatonlelle"]
[Date "2019.06.23"]
[Round "3.16"]
[White "Bohus, Adam"]
[Black "Horvath, Balazs"]
[Result "1-0"]
[ECO "C77"]
[WhiteElo "2196"]
[BlackElo "2139"]
[Annotator "ChessBase"]
[PlyCount "117"]
[EventDate "2019.06.21"]
[EventType "swiss"]
[EventCountry "HUN"]
[SourceTitle "playchess.com"]
[Source "ChessBase"]
[SourceQuality "1"]
[TimeControl "40/5400+30:1800+30"]

1. e4 e5 2. Nf3 Nc6 3. Bb5 a6 4. Ba4 Nf6 5. Nc3 b5 6. Bb3 Bc5 7. a4 b4 8. Nd5 O-O 9. d3 h6 10. O-O Re8 11. Be3 d6 12. Nxf6+ Qxf6 13. Bd5 Bb7 14. Nd2 Nd8 15. Bb3 Bc8 16. Qe2 Be6 17. Bxc5 dxc5 18. Qe3 Nb7 19. Bxe6 Rxe6 20. Nb3 Rc6 21. f4 exf4 22. Qxf4 Qg6 23. Nd2 Nd8 24. Nf3 Ne6 25. Qe3 Qh5 26. Rf2 Re8 27. Raf1 Nd8 28. Qf4 g5 29. Qg3 f6 30. Nd2 Kg7 31. Nc4 Re7 32. e5 fxe5 33. Nxe5 Rce6 34. Ng4 Qg6 35. Qf3 Rf7 36. Qd5 Rxf2 37. Nxf2 Nf7 38. Ne4 c6 39. Qxc5 h5 40. Qd4+ Kh6 41. Qxb4 Nd6 42. Nxd6 Rxd6 43. Qb8 Qe6 44. h3 h4 45. Qa7 Qe5 46. Qf7 Re6 47. Qf8+ Kg6 48. c3 c5 49. Kh1 Qe3 50. Qf5+ Kg7 51. Qf8+ Kg6 52. d4 cxd4 53. cxd4 Kh5 54. d5 Rg6 55. Qh8+ Rh6 56. Qg8 Rg6 57. Qh7+ Rh6 58. Qf7+ Rg6 59. d6 1-0

[Event "HUN-ch U8-U18 2019"]
[Site "Balatonlelle"]
[Date "2019.06.23"]
[Round "3.16"]
[White "Szalay-Ocsak, Bank"]
[Black "Petroczy, Zoltan"]
[Result "1/2-1/2"]
[ECO "B01"]
[WhiteElo "1826"]
[BlackElo "1517"]
[Annotator "NA"]
[PlyCount "63"]
[EventDate "2019.06.21"]
[EventType "swiss"]
[EventCountry "HUN"]
[SourceTitle "playchess.com"]
[Source "ChessBase"]
[SourceQuality "1"]
[TimeControl "40/5400+30:1800+30"]

1. e4 d5 2. exd5 Nf6 3. d4 Nxd5 4. Nf3 g6 5. c4 Nb6 6. Nc3 Bg7 7. h3 O-O 8. Be3 Nc6 9. Qd2 e5 10. d5 Ne7 11. g4 e4 12. Ng5 f5 13. O-O-O Qe8 14. Bd4 Bh6 15. h4 fxg4 16. Ncxe4 Nd7 17. Re1 Qf7 18. Nxf7 Bxd2+ 19. Kxd2 Nf5 20. Neg5 Nxd4 21. Nh6+ Kh8 22. Nxg4 Nc5 23. Nh6 Nf5 24. Nxf5 Bxf5 25. Bg2 Rae8 26. Rxe8 Rxe8 27. Ne6 Nxe6 28. dxe6 Rxe6 29. Re1 Rxe1 30. Kxe1 c6 31. Kd2 Kg7 32. Ke3 1/2-1/2

[Event "HUN-ch U8-U18 2019"]
[Site "Balatonlelle"]
[Date "2019.06.23"]
[Round "3.17"]
[White "Acs, Marton"]
[Black "Pogany, Zsombor"]
[Result "1-0"]
[ECO "D78"]
[WhiteElo "2138"]
[BlackElo "2121"]
[Annotator "ChessBase"]
[PlyCount "109"]
[EventDate "2019.06.21"]
[EventType "swiss"]
[EventCountry "HUN"]
[SourceTitle "playchess.com"]
[Source "ChessBase"]
[SourceQuality "1"]
[TimeControl "40/5400+30:1800+30"]

1. Nf3 Nf6 2. g3 d5 3. Bg2 g6 4. O-O Bg7 5. d4 O-O 6. c4 c6 7. Qb3 dxc4 8. Qxc4 Nbd7 9. Nc3 Nb6 10. Qd3 Be6 11. Rd1 Bc4 12. Qc2 Nfd5 13. e4 Nxc3 14. bxc3 e6 15. Nd2 Qc7 16. a4 Be2 17. Re1 Ba6 18. Nb3 e5 19. a5 Nc4 20. Bf1 Bb5 21. Bd3 exd4 22. cxd4 Nd6 23. Bf4 Bxd3 24. Qxd3 Qe7 25. Rac1 Rac8 26. Kg2 Rfd8 27. d5 Be5 28. Bxe5 Qxe5 29. f4 Qb2+ 30. Rc2 Qa3 31. e5 Nf5 32. d6 c5 33. Rc3 Qb4 34. Qc4 Qa3 35. g4 Ng7 36. Ra1 Qb4 37. Qxb4 cxb4 38. Rxc8 Rxc8 39. Rc1 Rxc1 40. Nxc1 Kf8 41. Kf3 Ke8 42. Ke3 Kd7 43. Nd3 Kc6 44. Nxb4+ Kb5 45. Nd5 Kxa5 46. Ke4 Ne6 47. f5 Nd8 48. Nc7 Kb6 49. e6 gxf5+ 50. gxf5 fxe6 51. fxe6 Nxe6 52. Nxe6 Kc6 53. Ke5 b6 54. Nf8 a5 55. d7 {[%emt 0:00:16] Kd5+ Ke4+} 1-0

[Event "HUN-ch U8-U18 2019"]
[Site "Balatonlelle"]
[Date "2019.06.23"]
[Round "3.17"]
[White "Magold, Filip"]
[Black "Tancsa, Tamas"]
[Result "0-1"]
[ECO "C71"]
[WhiteElo "1906"]
[BlackElo "2158"]
[Annotator "NA"]
[PlyCount "62"]
[EventDate "2019.06.21"]
[EventType "swiss"]
[EventCountry "HUN"]
[SourceTitle "playchess.com"]
[Source "ChessBase"]
[SourceQuality "1"]
[TimeControl "40/5400+30:1800+30"]

1. e4 e5 2. Nf3 Nc6 3. Bb5 a6 4. Ba4 d6 5. c4 Nf6 6. Nc3 g6 7. h3 Bg7 8. d3 O-O 9. Be3 Ne8 10. Bg5 f6 11. Bh4 g5 12. Bg3 f5 13. exf5 Bxf5 14. Ne4 h6 15. O-O Nf6 16. Re1 Nxe4 17. dxe4 Be6 18. Bxc6 bxc6 19. b3 h5 20. Qd2 Rxf3 21. gxf3 Bxh3 22. c5 Qf6 23. Qc3 h4 24. Bh2 Rf8 25. f4 g4 26. f5 d5 27. Qd3 dxe4 28. Qxe4 g3 29. Qc4+ Rf7 30. fxg3 Qxf5 31. Re2 e4 0-1

[Event "HUN-ch U8-U18 2019"]
[Site "Balatonlelle"]
[Date "2019.06.23"]
[Round "3.18"]
[White "Varga, Marcell"]
[Black "Kaloczi, Kristof"]
[Result "0-1"]
[ECO "D15"]
[WhiteElo "2106"]
[BlackElo "2098"]
[Annotator "NA"]
[PlyCount "112"]
[EventDate "2019.06.21"]
[EventType "swiss"]
[EventCountry "HUN"]
[SourceTitle "playchess.com"]
[Source "ChessBase"]
[SourceQuality "1"]
[TimeControl "40/5400+30:1800+30"]

1. c4 c6 2. d4 d5 3. Nc3 Nf6 4. Nf3 dxc4 5. e4 b5 6. a4 b4 7. e5 bxc3 8. exf6 cxb2 9. fxg7 Bxg7 10. Bxb2 Ba6 11. Be2 O-O 12. O-O c5 13. Qc2 cxd4 14. Qe4 Nd7 15. Bxd4 Bxd4 16. Nxd4 Nf6 17. Qh4 Qa5 18. Bf3 Rac8 19. g4 Rc5 20. Nf5 Rxf5 21. gxf5 Qxf5 22. Bg2 Kh8 23. Rfe1 Rg8 24. Ra3 e6 25. Qd4 Bb7 26. Rg3 Rxg3 27. hxg3 Bxg2 28. Kxg2 Qd5+ 29. Qxd5 exd5 30. Kf3 d4 31. Rc1 Nd7 32. Ke2 c3 33. Rd1 c2 34. Rh1 Nc5 35. Kd2 d3 36. Kc3 Kg7 37. f3 Kg6 38. a5 a6 39. Kb2 Na4+ 40. Kc1 Nc5 41. Kb2 Na4+ 42. Kb3 Kf5 43. Ra1 Ke5 44. Re1+ Kd5 45. Ra1 f5 46. g4 fxg4 47. fxg4 h6 48. Rh1 Kd4 49. Ra1 Ke3 50. Rh1 Kd4 51. Ra1 Nc3 52. Kb2 Ne2 53. Ra4+ Ke3 54. Ra1 c1=Q+ 55. Rxc1 Nxc1 56. Kxc1 Ke2 0-1

[Event "HUN-ch U8-U18 2019"]
[Site "Balatonlelle"]
[Date "2019.06.23"]
[Round "3.18"]
[White "Gulacsi, Donat Ferenc"]
[Black "Tran, David"]
[Result "1/2-1/2"]
[ECO "C48"]
[WhiteElo "1638"]
[BlackElo "2078"]
[Annotator "NA"]
[PlyCount "98"]
[EventDate "2019.06.21"]
[EventType "swiss"]
[EventCountry "HUN"]
[SourceTitle "playchess.com"]
[Source "ChessBase"]
[SourceQuality "1"]
[TimeControl "40/5400+30:1800+30"]

1. e4 e5 2. Nf3 Nc6 3. Nc3 Nf6 4. Bb5 Bd6 5. O-O O-O 6. d3 a6 7. Ba4 h6 8. Be3 b5 9. Bb3 Ng4 10. Bd2 Na5 11. h3 Nf6 12. Ne2 Nxb3 13. axb3 Re8 14. Ng3 Bf8 15. Nf5 d5 16. Qe2 dxe4 17. dxe4 Bxf5 18. exf5 e4 19. Nh2 Qd5 20. Ng4 Qxf5 21. Nxf6+ Qxf6 22. Bc3 Qe6 23. Rfe1 Bc5 24. Rad1 f5 25. Bd4 Bxd4 26. Rxd4 Rad8 27. Red1 Qf6 28. Qd2 Rxd4 29. Qxd4 Qxd4 30. Rxd4 Re6 31. Rd5 Rf6 32. Kf1 Kh7 33. Ke2 Kg6 34. Ke3 Rc6 35. c3 Kf6 36. g4 fxg4 37. hxg4 Re6 38. Kf4 g5+ 39. Ke3 Ke7 40. b4 c6 41. Rd4 Re5 42. Rxe4 Kd6 43. Rxe5 Kxe5 44. f3 Kd5 45. b3 Ke5 46. c4 bxc4 47. bxc4 c5 48. b5 a5 49. Kd3 Kd6 1/2-1/2

[Event "HUN-ch U8-U18 2019"]
[Site "Balatonlelle"]
[Date "2019.06.23"]
[Round "3.19"]
[White "Vodila, Martin Botond"]
[Black "Monduk, Ferenc"]
[Result "0-1"]
[ECO "C02"]
[WhiteElo "2243"]
[BlackElo "1717"]
[Annotator "NA"]
[PlyCount "156"]
[EventDate "2019.06.21"]
[EventType "swiss"]
[EventCountry "HUN"]
[SourceTitle "playchess.com"]
[Source "ChessBase"]
[SourceQuality "1"]
[TimeControl "40/5400+30:1800+30"]

1. e4 e6 2. d4 d5 3. e5 c5 4. c3 Nc6 5. Nf3 Nge7 6. Bd3 cxd4 7. cxd4 Nf5 8. Bxf5 exf5 9. Nc3 Be7 10. Qb3 g5 11. Qxd5 g4 12. Qxd8+ Bxd8 13. d5 gxf3 14. dxc6 fxg2 15. Rg1 Rg8 16. Nd5 bxc6 17. Ne3 f4 18. Rxg2 Rxg2 19. Nxg2 f3 20. Nf4 Bc7 21. Be3 Bxe5 22. O-O-O Bf5 23. Rg1 Ke7 24. Rg5 Kf6 25. Nh5+ Ke6 26. Bf4 h6 27. Rg1 Bxf4+ 28. Nxf4+ Ke5 29. Nh5 Rb8 30. Re1+ Be4 31. Nf6 Kxf6 32. Rxe4 Kg5 33. Rc4 Re8 34. Rc3 Re1+ 35. Kd2 Re2+ 36. Kd1 Rxf2 37. Ke1 Re2+ 38. Kf1 Rxb2 39. Rxf3 Rxa2 40. Rxf7 Rxh2 41. Rxa7 Rc2 42. Rg7+ Kf5 43. Rh7 Kg5 44. Rg7+ Kh4 45. Ke1 h5 46. Rh7 Rc5 47. Kd2 Kg3 48. Rg7+ Kh3 49. Rh7 Rg5 50. Ke2 h4 51. Kf2 Rf5+ 52. Kg1 c5 53. Rc7 Rg5+ 54. Kh1 Rd5 55. Kg1 Rd1+ 56. Kf2 Rc1 57. Ke2 Kh2 58. Kd2 Rc4 59. Kd3 Rd4+ 60. Ke3 Rd5 61. Ke4 Rh5 62. Kf3 Rd5 63. Ke4 Rh5 64. Kf3 h3 65. Rc8 Kg1 66. Rb8 Rf5+ 67. Kg4 Rd5 68. Kxh3 Kf2 69. Kg4 Ke3 70. Re8+ Kd2 71. Kf3 c4 72. Re2+ Kd1 73. Rh2 c3 74. Ke3 Kc1 75. Rh8 c2 76. Ke2 Re5+ 77. Kd3 Rb5 78. Kc4 Rb7 0-1

[Event "HUN-ch U8-U18 2019"]
[Site "Balatonlelle"]
[Date "2019.06.23"]
[Round "3.19"]
[White "Palczert, Matyas"]
[Black "Szikszai, Bertalan"]
[Result "1-0"]
[ECO "B40"]
[WhiteElo "2007"]
[BlackElo "1896"]
[Annotator "NA"]
[PlyCount "119"]
[EventDate "2019.06.21"]
[EventType "swiss"]
[EventCountry "HUN"]
[SourceTitle "playchess.com"]
[Source "ChessBase"]
[SourceQuality "1"]
[TimeControl "40/5400+30:1800+30"]

1. e4 c5 2. Nf3 e6 3. b3 Nc6 4. Bb2 d6 5. Bb5 Bd7 6. O-O Nf6 7. Re1 Be7 8. d3 O-O 9. Nbd2 a6 10. Bxc6 Bxc6 11. e5 dxe5 12. Nxe5 Qc7 13. Nxc6 Qxc6 14. Ne4 Nxe4 15. Rxe4 Rfe8 16. Qh5 g6 17. Qe5 f6 18. Qxe6+ Qxe6 19. Rxe6 Kf7 20. Rae1 Rad8 21. Rb6 Rd7 22. Ree6 f5 23. Re3 Bd6 24. g3 Rxe3 25. fxe3 Be7 26. Be5 Rd5 27. Bb8 Rd7 28. Kf1 Ke8 29. Be5 Rd5 30. d4 cxd4 31. exd4 Rd7 32. c4 Bd8 33. Rb4 Ba5 34. Ra4 Bc3 35. c5 Rd5 36. Ke2 Kd7 37. Kd3 Be1 38. Kc4 Kc6 39. b4 Rd8 40. Ra5 b5+ 41. cxb6 Kxb6 42. Rc5 Rd7 43. a4 Bd2 44. b5 a5 45. Rc6+ Kb7 46. d5 Be3 47. d6 Bb6 48. Kd5 Rd8 49. Bd4 Bxd4 50. Kxd4 h5 51. Ke5 Re8+ 52. Kf6 Rf8+ 53. Ke7 Rh8 54. d7 Rh7+ 55. Kd6 Rh8 56. Rc1 g5 57. Re1 Rh6+ 58. Re6 Rh8 59. Re8 Rh6+ 60. Kd5 1-0

[Event "HUN-ch U8-U18 2019"]
[Site "Balatonlelle"]
[Date "2019.06.23"]
[Round "3.20"]
[White "Hatala, Csaba Laszlo"]
[Black "Barasits, Balint"]
[Result "1/2-1/2"]
[ECO "C42"]
[WhiteElo "1958"]
[BlackElo "2022"]
[Annotator "NA"]
[PlyCount "83"]
[EventDate "2019.06.21"]
[EventType "swiss"]
[EventCountry "HUN"]
[SourceTitle "playchess.com"]
[Source "ChessBase"]
[SourceQuality "1"]
[TimeControl "40/5400+30:1800+30"]

1. e4 e5 2. Nf3 Nf6 3. Nxe5 d6 4. Nf3 Nxe4 5. Nc3 Nxc3 6. dxc3 Be7 7. Be3 Nd7 8. Bd3 Nc5 9. h3 Be6 10. Qd2 h6 11. b3 Qd7 12. Bd4 Nxd3+ 13. cxd3 O-O 14. c4 c5 15. Be3 Bf6 16. Rd1 Qc6 17. Rc1 Rfe8 18. Qd1 Rad8 19. O-O d5 20. cxd5 Rxd5 21. b4 Qa6 22. Rxc5 Rxd3 23. Qe2 Red8 24. Ra5 Qc4 25. b5 b6 26. Rxa7 Qxb5 27. Ne1 R3d5 28. Qxb5 Rxb5 29. Nf3 Rb2 30. a4 Rd3 31. Rb7 Rdb3 32. Nd4 Bxd4 33. Bxd4 Ra2 34. Rxb6 Rxb6 35. Bxb6 Rxa4 36. Be3 Ra6 37. Kh2 Bd5 38. Rd1 Be6 39. Rd2 Rc6 40. Rb2 Kh7 41. Rd2 g5 42. Rb2 1/2-1/2